Map: Winter's Gate LE

Players

BlyOnFire (Bly) - Winner!

  • Race: Zerg Zerg
  • Spawn Location: 5:00

GogojOey

  • Race: Zerg Zerg
  • Spawn Location: 11:00

Event: NationWars 2019

VOD

Have the link to the VOD?

Description

Time

  • Played on: Oct. 3, 2019, 3:19 p.m.
  • Length: 9:17

All games in this series

Show
View Real Time Build Order
Export as new Build Order

BlyOnFire Zerg - Winner!

Build Orders: Pool First 

Get SALT Encoding   

  12  0:17  Spawning Pool  
  11  0:21  Drone  
  11  0:26  Drone  
  13  0:31  Drone  
  14  0:40  Overlord  
  14  1:03  Zergling x2  
  14  1:04  Zergling x2  
  16  1:05  Zergling x2  
  17  1:15  Zergling x2  
  18  1:19  Hatchery  
  17  1:26  Zergling x2  
  18  1:33  Queen  
  18  1:37  Zergling x2  
  21  1:50  Overlord  
  21  1:59  Drone  
  22  2:08  Queen  
  23  2:32  Drone x3  
  23  2:34  Queen  
  23  2:35  Drone  
  27  2:44  Drone x4  
  30  2:53  Drone x2  
  30  3:00  Drone  
  30  3:04  Overlord  
  30  3:05  Extractor  
  30  3:10  Zergling x2  
  31  3:21  Drone x4  
  35  3:33  Drone x4  
  39  3:45  Drone  
  39  3:46  Drone x3  
  39  3:47  Roach Warren  
  39  3:48  Evolution Chamber  
  41  3:53  Drone x2  
  42  3:57  Drone  
  42  3:58  Extractor  
  42  4:12  Extractor  
  42  4:15  Evolution Chamber  
  40  4:18  Evolution Chamber  
  40  4:19  Evolution Chamber  
  40  4:23  Queen  
  40  4:30  Evolution Chamber  
  43  4:31  Roach x3, Evolution Chamber  
  43  4:33  Overlord  
  44  4:41  Evolution Chamber  
  44  4:42  Evolution Chamber  
  42  4:47  Roach  
  42  4:50  Overlord  
  42  4:51  Spine Crawler x2  
  43  5:08  Roach Warren  
  43  5:12  Drone x6  
  43  5:13  Drone x5  
  53  5:24  Evolution Chamber  
  52  5:30  Drone x2  
  55  5:38  Drone  
  55  5:39  Drone x3, Zerg Missile Weapons Level 1  
  55  5:42  Lair  
  59  5:53  Drone  
  59  5:54  Overlord x2  
  59  5:55  Zerg Ground Armor Level 1  
  60  6:02  Overlord  
  60  6:06  Extractor, Overlord  
  60  6:09  Drone  
  60  6:11  Overlord x2  
  60  6:16  Roach x2  
  64  6:24  Roach x3  
  72  6:25  Roach  
  72  6:37  Roach x2  
  76  6:42  Glial Reconstitution  
  76  6:52  Hatchery  
  76  6:53  Roach x4  
  83  6:58  Overseer  
  83  7:00  Roach x3  
  89  7:18  Roach x5  
  95  7:33  Roach x4  
  83  7:39  Roach x3  
  81  7:51  Roach  
  91  7:52  Roach x4  
Show
View Real Time Build Order
Export as new Build Order

GogojOey Zerg 

Build Orders: Hatch First 

Get SALT Encoding   

  12  0:00  Drone  
  13  0:13  Overlord  
  13  0:17  Drone  
  14  0:32  Drone x2  
  16  0:48  Hatchery  
  15  0:52  Drone  
  15  0:55  Drone  
  17  0:58  Drone  
  18  1:09  Extractor  
  17  1:14  Spawning Pool  
  17  1:17  Drone  
  17  1:21  Drone  
  18  1:28  Drone  
  19  1:39  Drone  
  20  2:01  Zergling x6  
  20  2:02  Queen x2  
  27  2:12  Zergling x2  
  28  2:19  Zergling x2  
  27  2:28  Zergling x4  
  27  2:43  Drone  
  28  2:48  Metabolic Boost  
  28  2:53  Overlord  
  28  3:12  Zergling x12  
  34  3:16  Zergling x4  
  36  3:22  Overlord  
  36  3:33  Overlord  
  35  3:42  Zergling x10  
  35  3:46  Zergling x2  
  41  3:52  Zergling x4  
  42  4:00  Zergling x4  
  42  4:05  Zergling x6  
  44  4:13  Zergling x4  
  46  4:17  Zergling x4  
  46  4:21  Zergling x2  
  49  4:28  Zergling x4  
  49  4:37  Zergling x6  
  49  4:40  Zergling x2  
  49  4:45  Zergling x4  
  50  4:50  Zergling x4  
  47  4:56  Zergling x4  
  44  5:05  Drone x3  
  43  5:09  Drone  
  44  5:16  Roach Warren  
  43  5:31  Overlord  
  42  5:41  Hatchery  
  41  5:44  Drone  
  41  5:46  Overlord  
  42  5:58  Roach x3  
  42  6:00  Roach  
  42  6:03  Roach  
  52  6:08  Roach  
  54  6:12  Roach  
  54  6:18  Roach  
  58  6:19  Ravager  
  58  6:24  Ravager  
  60  6:25  Zergling x2  
  60  6:26  Zergling x4  
  60  6:30  Zergling x2  
  64  6:35  Zergling x2  
  64  6:36  Zergling x2  
  65  6:43  Overlord  
  65  6:49  Overlord  
  65  6:55  Zergling x8  
  65  6:57  Ravager  
  72  7:01  Zergling x4  
  72  7:09  Zergling x4  
  74  7:19  Zergling x8  
  70  7:35  Zergling x12  
  63  7:41  Zergling x2, Roach  
Tags
 
Add a new tag
Caveats
  • Supply blocks, unpowered buildings, or Contaminate may cause inaccurate times.
  • Supply counts are checked every 10 seconds.